 Dungeon Crawl Stone Soup version 0.27.0-1-g7a089689b8 (webtiles) character file.

Game seed: 4558148085062346063

5708 pkoi the Grappler (level 10, 0/100 HPs)
             Began as a Troll Monk on Aug 6, 2021.
             Was a Follower of Ashenzari.
             Succumbed to a killer bee's poison
             ... on level 9 of the Dungeon.
             The game lasted 00:10:32 (6919 turns).

pkoi the Grappler (Troll Monk)                      Turns: 6919, Time: 00:10:32

Health: 0/100      AC:  7    Str: 24    XL:     10   Next: 48%
Magic:  2/13       EV: 12    Int:  6    God:    Ashenzari [*.....]
Gold:   896        SH:  0    Dex: 12    Spells: 15/15 levels left

rFire    + . .     SeeInvis .     - Unarmed
rCold    + . .     Faith    .   (no shield)
rNeg     . . .     Spirit   +   u - +0 steam dragon scales
rPois    +         Reflect  .   (helmet restricted)
rElec    .         Harm     .   m - scarf of Supernal Understanding {rC+ rF+, Alch, Cun} (curse)
rCorr    .         Rampage  .   (gloves unavailable)
Will     +....                  (boots unavailable)
Stlth    ++........             f - amulet of guardian spirit
HPRegen  1.26/turn              d - ring of Ashenzari's Negation {Will+, Bglg, Self} (curse)
MPRegen  0.13/turn              z - ring of poison resistance

@: lethally poisoned (0 -> -17)
A: large, unfitting armour, claws 3, regeneration 1, shaggy fur 1, tough skin 1
a: Renounce Religion, Shatter the Chains


You were on level 9 of the Dungeon.
You worshipped Ashenzari.
Ashenzari was aware of your devotion.
You visited 1 branch of the dungeon, and saw 9 of its levels.

You collected 896 gold pieces.

Inventory:

Missiles
 c - 8 javelins
 j - 29 poisoned darts (quivered)
 D - 5 silver javelins
Armour
 a - a +1 robe
 m - the cursed scarf of Supernal Understanding (worn) {rC+ rF+, Alch, Cun}
   (You found it on level 8 of the Dungeon)

   It has a curse which improves the following skills: Alchemy: Poison Magic and
   Transmutations.
   Cunning:   Dodging and Stealth.
 n - a +0 cloak of stealth
 u - +0 steam dragon scales (worn)
Jewellery
 d - the cursed ring of Ashenzari's Negation (left claw) {Will+, Bglg, Self}
   (You found it on level 2 of the Dungeon)

   [ring of willpower]

   Will:      It increases your willpower.
   It has a curse which improves the following skills: Beguiling: Conjurations,
   Hexes and Translocations.
   Introspection: Fighting and Spellcasting.
 f - an amulet of guardian spirit (around neck)
 z - a ring of poison resistance (right claw)
 E - a ring of flight
Wands
 i - a wand of polymorph (6)
 o - a wand of paralysis (16)
 p - a wand of flame (22)
 v - a wand of charming (5)
 B - a wand of acid (7)
Scrolls
 e - 2 scrolls of enchant armour
 h - a scroll of teleportation
 r - 2 scrolls of amnesia
 s - 2 scrolls of magic mapping
 w - a scroll of fear
 y - a scroll of fog
 A - 2 scrolls of blinking
 C - a scroll of silence
 G - a scroll of brand weapon
Potions
 b - 3 potions of heal wounds
 g - a potion of flight
 k - a potion of ambrosia
 l - a potion of might
 q - a potion of curing
 t - a potion of brilliance
 x - a potion of haste
 F - a potion of invisibility


   Skills:
 + Level 5.4(6.4) Fighting
 - Level 4.0 Throwing
 + Level 5.5(6.5) Dodging
 + Level 1.2(1.9) Stealth
 * Level 11.8 Unarmed Combat
 + Level 2.2(3.0) Spellcasting
 - Level 1.2 Evocations


You had 15 spell levels left.
You didn't know any spells.
Your spell library contained the following spells:

 Spells                   Type           Power      Damage    Failure   Level
 Gell's Gravitas          Tloc           0%         N/A       71%         3
 Lesser Beckoning         Tloc           0%         N/A       71%         3
 Teleport Other           Tloc           1%         N/A       71%         3
 Stone Arrow              Conj/Erth      0%         3d7       73%         3
 Animate Armour           Summ/Erth      0%         N/A       98%         4
 Dispel Undead            Necr           0%         3d6       98%         4
 Fulminant Prism          Conj/Hex       0%         3d6       98%         4
 Iskenderun's Mystic Bla  Conj/Tloc      1%         2d3       98%         4
 Lee's Rapid Deconstruct  Erth           0%         3d5*      100%        5
 Haunt                    Necr/Summ      0%         N/A       100%        7
 Lehudib's Crystal Spear  Conj/Erth      0%         10d2      100%        8
 Death's Door             Necr           0%         N/A       100%        9


Dungeon Overview and Level Annotations

Branches:
Dungeon (9/15)             Temple (0/1) D:6
   Lair: D:8-11         Orc: D:9-12

Altars:
Ashenzari
Elyvilon
Hepliaklqana
Kikubaaqudgha
Xom

Shops:
D:1 (   D:4 [   D:6 [


Innate Abilities, Weirdness & Mutations

You are too large for most types of armour.
You have claws for hands.
Your natural rate of healing is unusually fast.
You are covered in fur. (AC +1)
You have tough skin. (AC +1)


Message History

The killer bee is severely wounded.
You feel sick.
The killer bee stings you but does no damage.
The killer bee barely misses you. The killer bee stings you.
The killer bee closely misses you. The killer bee stings you.
You are more poisoned.
The killer bee poisons you! The killer bee completely misses you.
Unknown command.
You barely miss the killer bee.
The killer bee is severely wounded.
You feel sick. The killer bee closely misses you.
The killer bee barely misses you. The killer bee closely misses you.
Unknown command.
You barely miss the killer bee.
The killer bee is severely wounded.
You feel sick. The killer bee stings you. The killer bee barely misses you.
The killer bee stings you but does no damage.
The killer bee stings you.
You are more poisoned.
The killer bee poisons you! The killer bee stings you!
* * * LOW HITPOINT WARNING * * *
You are more poisoned.
The killer bee poisons you! The killer bee closely misses you.
You mangle the killer bee!!
You kill the killer bee!
You feel very sick. The killer bee stings you.
* * * LOW HITPOINT WARNING * * *
The killer bee stings you.
* * * LOW HITPOINT WARNING * * *
Unknown command.
You scratch the killer bee but do no damage.
You feel very sick. The killer bee stings you.
* * * LOW HITPOINT WARNING * * *
You are lethally poisoned!
The killer bee poisons you! The killer bee completely misses you.
The killer bee closely misses you. The killer bee stings you.
* * * LOW HITPOINT WARNING * * *
You die...

#....## .....####+###
#....#. ............#
#....#. ........$...# ..
#. ......!.....# #.
............# #+##. ##
............####.... .
#..†..........########
#.(y.@........#......#
#..y#####.....#......#
#...#...+.....#......#
#...#...#.....#####'##
#...#...'.............
....#...#.............
.....#####.............
#####.......#####.......
#.####..# ###.....


You could see 2 killer bees.

Vanquished Creatures
  A two-headed ogre (D:7)
  A komodo dragon (D:6)
  2 hornets (D:9)
  Prince Ribbit (D:7)
  Eustachio (D:4)
  Sigmund (D:4)
  6 yaks (D:8)
  A steam dragon (D:8)
  Duvessa (D:5)
  3 hornet zombies
  4 orc warriors
  An ice beast (D:5)
  3 centaurs
  2 ogres
  A phantom (D:5)
  A bullfrog (D:7)
  4 scorpions
  Dowan (D:5)
  A water moccasin skeleton (D:5)
  4 killer bees (D:9)
  2 howler monkeys (D:8)
  3 centaur zombies
  3 hounds
  A bullfrog skeleton (D:6)
  4 orc priests
  Crazy Yiuf (D:4)
  Ijyb (D:5)
  An iguana (D:5)
  A scorpion zombie (D:5)
  Natasha (thrice) (D:2)
  9 orc wizards
  A hound zombie (D:5)
  11 adders
  A shadow imp (D:6)
  A white imp (D:5)
  An ufetubus (D:6)
  5 worms
  6 dart slugs
  21 orcs
  8 bats
  11 endoplasms
  6 giant cockroaches
  4 goblins
  10 hobgoblins
  12 jackals
  6 quokkas
  13 ball pythons
  3 frilled lizards
  4 kobolds
  4 rats
197 creatures vanquished.

Vanquished Creatures (others)
  An orc (D:8)
  A fungus (D:4)
  5 plants (D:1)
7 creatures vanquished.

Grand Total: 204 creatures vanquished

Notes
Turn   | Place    | Note
-------+----------+-------------------------------------------
     0 | D:1      | pkoi the Troll Monk began the quest for the Orb.
     0 | D:1      | Reached XP level 1. HP: 22/22 MP: 0/0
   187 | D:1      | Reached XP level 2. HP: 21/29 MP: 1/1
   238 | D:1      | Reached skill level 4 in Unarmed Combat
   299 | D:1      | Reached XP level 3. HP: 36/36 MP: 2/2
   401 | D:1      | Found Roilukir's Antique Weapon Shop.
   750 | D:2      | Noticed Natasha
   754 | D:2      | Killed Natasha
   759 | D:2      | Found a shimmering altar of Xom.
   760 | D:2      | Got the Almanac of Evil Magic
   770 | D:2      | Reached XP level 4. HP: 37/44 MP: 3/3
   773 | D:2      | Reached skill level 5 in Unarmed Combat
   969 | D:2      | Noticed Natasha
   977 | D:2      | Killed Natasha
  1028 | D:2      | Noticed Natasha
  1036 | D:2      | Killed Natasha
  1037 | D:2      | Reached XP level 5. HP: 50/50 MP: 4/4
  1190 | D:2      | Reached skill level 6 in Unarmed Combat
  1648 | D:3      | Noticed a centaur
  1660 | D:3      | Killed a centaur
  1661 | D:3      | Reached XP level 6. HP: 43/59 MP: 5/5
  1679 | D:3      | Reached skill level 7 in Unarmed Combat
  1869 | D:3      | Found an ancient bone altar of Kikubaaqudgha.
  1947 | D:3      | Found a hazy altar of Hepliaklqana.
  2367 | D:4      | Reached skill level 8 in Unarmed Combat
  2367 | D:4      | Reached XP level 7. HP: 66/66 MP: 6/6
  2416 | D:4      | Noticed Eustachio
  2437 | D:4      | Killed Eustachio
  2589 | D:4      | Noticed Sigmund
  2597 | D:4      | Killed Sigmund
  2598 | D:4      | Reached skill level 9 in Unarmed Combat
  2652 | D:4      | Found a white marble altar of Elyvilon.
  2944 | D:4      | Reached XP level 8. HP: 75/75 MP: 7/7
  2981 | D:4      | Found Korhil's Armour Shoppe.
  3117 | D:4      | Found a runed translucent door.
  3118 | D:4      | Noticed Crazy Yiuf
  3127 | D:4      | Killed Crazy Yiuf
  3196 | D:5      | Entered Level 5 of the Dungeon
  3252 | D:5      | Reached skill level 1 in Throwing
  3396 | D:5      | Noticed Duvessa
  3397 | D:5      | Noticed Dowan
  3404 | D:5      | Killed Duvessa
  3408 | D:5      | Killed Dowan
  3409 | D:5      | Reached skill level 10 in Unarmed Combat
  3412 | D:5      | Noticed Ijyb
  3419 | D:5      | Killed Ijyb
  4253 | D:6      | Reached XP level 9. HP: 59/84 MP: 8/8
  4513 | D:6      | Found Faynun's Armour Shoppe.
  4547 | D:6      | Found a staircase to the Ecumenical Temple.
  4582 | D:6      | Noticed a komodo dragon
  4591 | D:6      | Killed a komodo dragon
  4592 | D:6      | Reached skill level 1 in Evocations
  4752 | D:6      | Found a broken altar of Ashenzari.
  4759 | D:6      | Became a worshipper of Ashenzari the Shackled
  5441 | D:7      | Noticed Prince Ribbit
  5441 | D:7      | Noticed a two-headed ogre
  5459 | D:7      | Killed a two-headed ogre
  5460 | D:7      | Reached skill level 11 in Unarmed Combat
  5460 | D:7      | Reached skill level 1 in Spellcasting
  5460 | D:7      | Killed Prince Ribbit
  5710 | D:7      | Reached skill level 5 in Dodging
  6018 | D:8      | Reached XP level 10. HP: 96/96 MP: 11/11
  6065 | D:8      | Reached skill level 5 in Fighting
  6269 | D:8      | Identified a scroll of acquirement
  6444 | D:8      | Acquired 631 gold pieces
  6653 | D:9      | Reached * piety under Ashenzari
  6919 | D:9      | Succumbed to a killer bee's poison

Illustrated notes

Levels and vault maps discovered:
D:1:      minmay_arrival_loop, layout_loops_ring, serial_shops, shop_fountains,
          serial_bayou_ford_a, dk_noncrumbling_3, minmay_misc_feat_rugged,
          st_stairs_4
D:2:      layout_basic, basic_altar, kennysheep_boxes, uniq_natasha
D:3:      minmay_octagon_keep, layout_basic, mainiacjoe_overflow_big_doors,
          moated_statue, minmay_misc_feat_encased
D:4:      layout_loops_ring, overflow_temple_1_default, serial_shops,
          nicolae_shop_behind_doors, nrook_campfire, uniq_eustachio,
          uniq_sigmund, uniq_crazy_yiuf_cottage
D:5:      layout_basic, minmay_tree_intersection, uniq_duvessa, uniq_ijyb
D:6:      layout_cave_pods, lemuel_round_altar,
          minmay_temple_entry_from_below_a, serial_shops, shop
D:7:      layout_basic, uniq_prince_ribbit1
D:8:      layout_cave_pools
D:9:      layout_irregular_city

Skill      XL: |  1  2  3  4  5  6  7  8  9 10 |
---------------+-------------------------------+-----
Unarmed Combat | 4 5 6 8 9 10 11 | 11.8
Dodging        | 3 4 5 |  5.5
Fighting       | 3 4 5 |  5.4
Throwing       | 2 4 |  4.0
Evocations     | 1 |  1.2
Spellcasting   | 1 2 |  2.2
Stealth        | |  1.2

Action                   |  1- 3 |  4- 6 |  7- 9 | 10-12 || total
-------------------------+-------+-------+-------+-------++-------
Melee: Unarmed           |    66 |   163 |   261 |    86 ||   576
       Punch             |       |     3 |    13 |     8 ||    24
Invok: Curse Item        |       |       |     1 |     1 ||     2
  Use: Scroll            |       |     4 |     3 |     1 ||     8
 Stab: Sleeping          |     2 |     6 |     7 |       ||    15
       Distracted        |     1 |       |       |       ||     1
Armor: Robe              |    29 |    55 |    66 |       ||   150
       Steam dragon scal |       |       |       |    37 ||    37
Dodge: Dodged            |    43 |    75 |   116 |    74 ||   308
